 Dungeon Crawl Stone Soup version 0.31.0-9-g3a7656b989 (webtiles) character file.

Game seed: 10635511865492051621

1242 TendrilsOfAgony the Covert (level 8, -2/45 HPs)
             Began as a Vampire Enchanter on Jan 24, 2024.
             Was a Follower of Dithmenos.
             Slain by a wight
             ... wielding a +0 morningstar
              (6 damage)
             ... on level 6 of the Dungeon.
             The game lasted 00:07:13 (4429 turns).

TendrilsOfAgony the Covert (Vampire Enchanter)      Turns: 4429, Time: 00:07:13

Health: -2/45      AC:  2    Str:  7    XL:     8   Next: 25%
Magic:  14/14      EV: 15    Int: 18    God:    Dithmenos [*.....]
Gold:   224        SH:  0    Dex: 22    Spells: 10/15 levels left

rFire   . . .        n - +2 short sword (venom)
rCold   + + .        (no shield)
rNeg    + + +        b - +0 robe
rPois   ∞            (no helmet)
rElec   .            (no cloak)
rCorr   .            (no gloves)
SInv    +            (no boots)
Will    .....        g - amulet of the acrobat
Stlth   +++++++      D - +6 ring of dexterity
HPRegen 0.00/turn    (no ring)
MPRegen 0.14/turn

%: acrobat
@: bloodless, inhibited regen, wreathed by umbra
A: bloodless, fangs 3, see invisible, vampiric 2
a: Bat Form, Revivify, Renounce Religion


You were on level 6 of the Dungeon.
You worshipped Dithmenos.
Dithmenos was aware of your devotion.
You visited 2 branches of the dungeon, and saw 7 of its levels.

You collected 224 gold pieces.

Inventory:

Hand Weapons
 a - a +1 dagger
 l - a +2 dagger of venom
 n - a +2 short sword of venom (weapon)
Missiles
 e - a throwing net
Armour
 b - a +0 robe (worn)
Jewellery
 g - an amulet of the acrobat (around neck)
 D - a +6 ring of dexterity (left hand)
Wands
 s - a wand of charming (17)
 x - a wand of acid (9)
Scrolls
 d - 2 scrolls of identify {unknown}
 h - 3 scrolls of fear {unknown}
 j - a scroll of poison {unknown}
 o - 2 scrolls of fog {unknown}
 p - a scroll of butterflies {unknown}
 q - a scroll of noise {unknown}
 u - a scroll of revelation {unknown}
Potions
 c - 4 potions of invisibility
 f - 4 potions of curing {unknown}
 i - a potion of attraction {unknown}
 k - a potion of ambrosia {unknown}
 m - 3 potions of haste {unknown}
 r - a potion of cancellation {unknown}
 t - 2 potions of degeneration {unknown}
 v - a potion of brilliance {unknown}
 w - a potion of mutation {unknown}


   Skills:
 + Level 2.8 Fighting
 - Level 5.0 Short Blades
 + Level 4.3 Dodging
 - Level 8.0 Stealth
 - Level 4.0 Spellcasting
 - Level 8.0 Hexes


You had 10 spell levels left.
You knew the following spells:

 Your Spells              Type           Power      Damage    Failure   Level
c - Confusing Touch       Hex            32%        N/A       1%          3
e - Ensorcelled Hibernat  Hex/Ice        36%        N/A       4%          2

Your spell library contained the following spells:

 Spells                   Type           Power      Damage    Failure   Level
 Tukima's Dance           Hex            32%        N/A       1%          3
 Dazzling Flash           Conj/Hex       36%        N/A       9%          3
 Fugue of the Fallen      Necr           3%         N/A       41%         3
 Ozocubu's Armour         Ice            3%         N/A       41%         3
 Manifold Assault         Tloc           3%         N/A       82%         4


Dungeon Overview and Level Annotations

Branches:
Dungeon (6/15) Zot: 26965  Temple (1/1) D:5 Zot: 5971

Altars:
Cheibriados
Dithmenos
Fedhas
Gozag
Hepliaklqana
Qazlal
Ru
Trog
Uskayaw
Vehumet
Xom

Annotations:
D:3 2 transporters, diceflayer's ghost, weakling DsSh


Innate Abilities, Weirdness & Mutations

You do not regenerate when monsters are visible.
You are frail without blood (-20% HP).
You can heal yourself when you bite living creatures.
You are immune to poison.
You have razor-sharp teeth.
You have supernaturally acute eyesight. (SInv)
You are afflicted with vampirism and can become a bat while bloodless.


Message History

You spit the sky beast like a pig!!!
You kill the sky beast!
Dithmenos accepts your kill.
Your Dodging skill increases to level 4!
The wight attacks as it pursues you!
The wight hits you with a +0 morningstar!
You take 8 damage, and have 37/45 hp.
The wight attacks as it pursues you! The wight completely misses you.
The wight attacks as it pursues you! The wight completely misses you.
There is a stone staircase leading up here.
You climb upwards.
There is a stone staircase leading down here.
You start memorising the spell.
You continue memorising. x3
You finish memorising.
Spell assigned to 'c'.
You climb downwards.
The wight misses you.
The wight hits you with a +4 mace of freezing!
The wight barely misses you.
There is a stone staircase leading up here.
You take 15 damage, and have 23/45 hp.
Aiming: Corrosive Bolt
Press: ? - help, Q - select action, (/) - cycle Shift-Dir - straight line, f - wight
Aim: a wight, wielding a +4 mace of freezing and wearing a +0 robe (umbra, 71% to hit)
The bolt of acid hits the wight!
The wight is heavily damaged.
The wight hits you with a +4 mace of freezing!
* * * LOW HITPOINT WARNING * * *
The wight freezes you.
* * * LOW HITPOINT WARNING * * *
The wight closely misses you.
You take 11 damage, and have 12/45 hp.
Aiming: Corrosive Bolt
Press: ? - help, Q - select action, (/) - cycle Shift-Dir - straight line, f/p - wight
Aim: a wight, wielding a +4 mace of freezing and wearing a +0 robe (heavily damaged, umbra, 71% to hit)
The bolt of acid misses the wight.
The wight hits you with a +4 mace of freezing!
* * * LOW HITPOINT WARNING * * *
The wight freezes you.
* * * LOW HITPOINT WARNING * * *
The wight hits you with a +0 morningstar.
You die...

######.###†...z..
#.# .###### #.#
z# #.# .# #.# .#
####.# .# #....#
.# ####z# #@# #z#
#.# #.# #.# ...
###


You could see 2 wights.

Vanquished Creatures
  A water moccasin (D:5)
  A sky beast (D:6)
  A black bear (D:5)
  3 ogres (D:5)
  A bullfrog (D:5)
  3 scorpions (D:5)
  A howler monkey (D:4)
  A bombardier beetle (D:5)
  A sleepcap (D:5)
  An iguana (D:5)
  3 orc wizards (D:5)
  Natasha (twice) (D:4)
  7 adders
  A white imp (D:5)
  5 dart slugs
  A ribbon worm (D:3)
  22 orcs
  8 endoplasms
  A giant cockroach (D:1)
  9 goblins
  4 hobgoblins
  6 jackals
  10 kobolds
  5 quokkas
  8 ball pythons
  6 bats
  4 frilled lizards
  10 rats
126 creatures vanquished.

Notes
Turn   | Place    | Note
-------+----------+-------------------------------------------
     0 | D:1      | TendrilsOfAgony the Vampire Enchanter began the quest for
                  | the Orb.
     0 | D:1      | Reached XP level 1. HP: 13/13 MP: 3/3
   102 | D:1      | Reached XP level 2. HP: 6/19 MP: 5/5
   168 | D:1      | Learned a level 2 spell: Ensorcelled Hibernation
   172 | D:1      | Reached skill level 5 in Stealth
   636 | D:1      | Gained mutation: You are afflicted with vampirism and can
                  | become a bat while bloodless. [Vampire growth]
   636 | D:1      | Reached XP level 3. HP: 15/24 MP: 3/6
  1689 | D:3      | Reached XP level 4. HP: 30/30 MP: 4/7
  1755 | D:3      | Found a hazy altar of Hepliaklqana.
  1789 | D:3      | Found a transporter.
  1789 | D:3      | Noticed diceflayer's ghost (weakling DsSh)
  1921 | D:3      | Found a faded altar of an unknown god.
  2283 | D:3      | Noticed a black bear
  2417 | D:3      | Found a transporter.
  2532 | D:4      | Reached XP level 5. HP: 28/28 MP: 8/8
  2809 | D:4      | Found a bloodstained altar of Trog.
  2930 | D:4      | Noticed Natasha
  2937 | D:4      | Killed Natasha
  3071 | D:4      | Noticed Natasha
  3080 | D:4      | Killed Natasha
  3361 | D:5      | Entered Level 5 of the Dungeon
  3367 | D:5      | Noticed a water moccasin
  3372 | D:5      | Found a staircase to the Ecumenical Temple.
  3374 | D:5      | Killed a water moccasin
  3375 | D:5      | Reached skill level 5 in Short Blades
  3375 | D:5      | Reached skill level 5 in Hexes
  3375 | D:5      | Reached XP level 6. HP: 32/32 MP: 9/9
  3382 | Temple   | Entered the Ecumenical Temple
  3398 | Temple   | Became a worshipper of Dithmenos the Shadowed
  3786 | D:5      | Reached XP level 7. HP: 36/36 MP: 8/12
  3835 | D:5      | Reached * piety under Dithmenos
  3950 | D:5      | Reached skill level 1 in Fighting
  4157 | D:5      | Reached XP level 8. HP: 44/44 MP: 14/14
  4426 | D:5      | Learned a level 3 spell: Confusing Touch
  4429 | D:6      | Slain by a wight

Illustrated notes

Levels and vault maps discovered:
D:1:      nicolae_arrival_escape_room, layout_basic
D:2:      layout_basic
D:3:      minmay_bubble_buster, layout_basic,
          mainiacjoe_overflow_surrounded_room, gammafunk_ghost_mausoleum,
          shapermc_ecumenical_altar_venn, lightli_corner_chamber
D:4:      layout_basic, trog_three_pillars_becter, kennysheep_generic_room_13,
          uniq_natasha
D:5:      layout_basic, mainiacjoe_overflow_chevrons, tso_metal_star,
          minmay_temple_entry_grid, serial_aquarium,
          aquarium_bridge_long_separate [aquarium_subvault_bridge,
          aquarium_subvault_window, aquarium_subvault_bridge,
          aquarium_subvault_window, aquarium_subvault_bridge,
          aquarium_subvault_wall], aquarium_bridge_square
          [aquarium_subvault_window, aquarium_subvault_bridge,
          aquarium_subvault_wall, aquarium_subvault_balcony],
          aquarium_window_corridor_1, aquarium_window_1, aquarium_window_2,
          aquarium_view_2e, aquarium_balcony_1b, aquarium_pool_corner
D:6:      layout_basic, lemuel_mausoleum_altar_yredelemnul,
          kennysheep_okawaru_gauntlet, mainiacjoe_overflow_paths,
          minmay_misc_feat_encased, kennysheep_nondescript, item_on_display_a
Temple:   nicolae_temple_figure_zero

Skill      XL: |  1  2  3  4  5  6  7  8 |
---------------+-------------------------+-----
Stealth        | 5 6 7 8 |  8.0
Short Blades   | 2 3 5 |  5.0
Hexes          | 5 6 8 |  8.0
Spellcasting   | 3 4 |  4.0
Fighting       | 1 2 |  2.8
Dodging        | 3 4 |  4.3

Action                     |  1- 3 |  4- 6 |  7- 9 || total
---------------------------+-------+-------+-------++-------
  Melee: Dagger            |   106 |    36 |       ||   142
         Bite              |    11 |    12 |     9 ||    32
         Short sword       |       |    95 |    52 ||   147
         Punch             |       |     1 |     1 ||     2
   Cast: Ensorcelled Hiber |    24 |    17 |     8 ||    49
Ability: Exsanguinate      |       |     1 |       ||     1
  Evoke: Wand              |       |       |     2 ||     2
   Stab: Sleeping          |    21 |    27 |     8 ||    56
 Armour: Robe              |    47 |    60 |    15 ||   122
  Dodge: Dodged            |    70 |    81 |    23 ||   174
